Map: Frozen Temple

Players

Luke

  • Race: Protoss Protoss
  • League: Master

Drager - Winner!

  • Race: Protoss Protoss
  • League: Master

VOD

https://www.youtube.com/channel/UCcSgNfDNxvyisU-eCj9xyNg/playlists

Description

Time

  • Played on: Aug. 14, 2016, 1:23 p.m.
  • Length: 8:05
Show
View Real Time Build Order
Export as new Build Order

Luke Protoss 

Build Orders:  

Get SALT Encoding   

  12  0:01  Probe (Chrono Boost)  
  13  0:11  Probe (Chrono Boost)  
  14  0:17  Pylon  
  14  0:22  Probe (Chrono Boost)  
  15  0:36  Probe (Chrono Boost)  
  15  0:38  Gateway  
  16  0:46  Probe (Chrono Boost)  
  16  0:47  Assimilator  
  18  0:57  Probe (Chrono Boost)  
  18  0:58  Assimilator  
  18  1:07  Probe (Chrono Boost)  
  18  1:11  Gateway  
  19  1:18  Probe (Chrono Boost)  
  20  1:25  Cybernetics Core  
  20  1:28  Probe (Chrono Boost)  
  21  1:36  Pylon  
  21  1:39  Probe (Chrono Boost)  
  22  1:49  Probe (Chrono Boost)  
  23  2:02  Stalker x2  
  23  2:04  Mothership Core (Chrono Boost)  
  29  2:13  Warp Gate  
  29  2:15  Pylon  
  29  2:22  Probe (Chrono Boost)  
  30  2:34  Probe (Chrono Boost)  
  31  2:55  Nexus  
  31  2:57  Pylon  
  31  2:58  Probe (Chrono Boost)  
  32  3:08  Probe (Chrono Boost)  
  32  3:11  Robotics Facility  
  33  3:21  Probe (Chrono Boost)  
  34  3:33  Probe (Chrono Boost)  
  35  3:45  Twilight Council, Probe (Chrono Boost)  
  36  3:57  Observer  
  37  4:04  Probe (Chrono Boost)  
  38  4:13  Immortal, Resonating Glaives  
  38  4:16  Probe (Chrono Boost)  
  39  4:20  Adept, Sentry  
  48  4:25  Probe (Chrono Boost)  
  48  4:28  Probe (Chrono Boost)  
  49  4:37  Probe (Chrono Boost)  
  50  4:40  Probe (Chrono Boost)  
  50  4:42  Stalker  
  51  4:47  Gateway  
  51  4:48  Immortal  
  51  4:54  Stalker  
  57  5:00  Pylon  
  57  5:08  Stalker  
  61  5:14  Probe x2 (Chrono Boost)  
  61  5:15  Assimilator  
  61  5:19  Pylon  
  61  5:22  Pylon  
  61  5:25  Immortal  
  61  5:26  Probe x2 (Chrono Boost), Adept  
  65  5:29  Pylon  
  69  5:39  Sentry  
  73  5:43  Probe x2 (Chrono Boost)  
  73  5:48  Adept  
  75  5:54  Nexus  
  75  5:57  Adept  
  77  6:04  Observer  
  77  6:05  Probe x2 (Chrono Boost), Forge  
  80  6:11  Adept  
  80  6:12  Adept  
  84  6:27  Adept  
  84  6:29  Immortal, Pylon  
  84  6:36  Pylon  
  84  6:39  Adept x2  
  92  6:51  Adept  
  94  6:56  Photon Cannon  
  94  7:17  Pylon  
  94  7:18  Pylon  
  94  7:19  Assimilator  
  94  7:20  Pylon  
  94  7:22  Pylon x4, Gateway  
  94  7:26  Gateway  
  94  7:37  Adept x2  
  100  7:39  Adept  
  88  7:55  Adept  
  78  8:00  Adept x2  
Show
View Real Time Build Order
Export as new Build Order

Drager Protoss - Winner!

Build Orders:  

Get SALT Encoding   

  12  0:01  Probe (Chrono Boost)  
  13  0:11  Probe (Chrono Boost)  
  14  0:17  Pylon  
  14  0:22  Probe (Chrono Boost)  
  16  0:35  Probe (Chrono Boost)  
  16  0:38  Gateway  
  16  0:44  Assimilator  
  16  0:47  Probe (Chrono Boost)  
  17  0:57  Probe (Chrono Boost)  
  17  0:58  Assimilator  
  18  1:08  Probe (Chrono Boost)  
  20  1:18  Probe (Chrono Boost)  
  20  1:25  Cybernetics Core  
  20  1:29  Probe (Chrono Boost)  
  20  1:32  Pylon  
  21  1:39  Probe (Chrono Boost)  
  22  1:52  Probe (Chrono Boost)  
  23  1:57  Warp Gate  
  23  1:58  Stalker  
  23  2:08  Mothership Core (Chrono Boost)  
  27  2:12  Nexus  
  27  2:24  Stalker  
  29  2:33  Gateway  
  29  2:40  Probe (Chrono Boost)  
  29  2:43  Pylon  
  31  2:52  Probe (Chrono Boost)  
  31  3:01  Stalker  
  34  3:07  Probe (Chrono Boost)  
  34  3:19  Probe (Chrono Boost)  
  29  3:20  Stalker  
  35  3:25  Probe (Chrono Boost)  
  38  3:28  Stalker  
  38  3:31  Probe (Chrono Boost)  
  41  3:37  Probe (Chrono Boost)  
  42  3:43  Probe (Chrono Boost)  
  42  3:44  Robotics Facility  
  44  3:48  Probe (Chrono Boost)  
  44  3:54  Probe (Chrono Boost)  
  45  3:59  Probe (Chrono Boost)  
  46  4:04  Probe (Chrono Boost)  
  46  4:08  Stalker x2  
  46  4:09  Probe (Chrono Boost), Pylon  
  52  4:15  Probe (Chrono Boost)  
  53  4:20  Probe (Chrono Boost)  
  53  4:22  Twilight Council  
  54  4:27  Probe (Chrono Boost), Pylon  
  54  4:29  Assimilator  
  54  4:30  Probe (Chrono Boost)  
  56  4:34  Immortal  
  57  4:38  Probe (Chrono Boost)  
  61  4:46  Sentry x2  
  61  4:47  Resonating Glaives  
  61  4:49  Pylon  
  67  4:56  Gateway  
  67  4:59  Gateway  
  65  5:11  Observer  
  64  5:14  Adept x2  
  68  5:21  Gateway  
  68  5:22  Gateway  
  68  5:23  Gateway  
  68  5:25  Pylon  
  68  5:27  Warp Prism  
  70  5:38  Adept x2  
  70  5:39  Probe (Chrono Boost)  
  70  5:42  Pylon  
  75  5:45  Pylon  
  75  5:51  Pylon  
  75  5:56  Sentry  
  75  5:57  Adept  
  79  5:59  Adept  
  79  6:00  Adept  
  83  6:24  Adept x2  
  86  6:30  Adept x5  
  94  6:38  Probe x2 (Chrono Boost)  
  96  6:49  Adept x2  
  96  6:50  Adept x2  
  96  6:51  Adept x3  
  104  7:12  Adept x4  
  110  7:16  Pylon  
  110  7:18  Pylon  
  110  7:34  Adept x3  
  110  7:35  Adept  
  118  7:37  Adept x2  
  118  7:38  Adept  
  102  8:00  Adept x7  
Tags
 
Add a new tag
Caveats
  • Supply blocks, unpowered buildings, or Contaminate may cause inaccurate times.
  • Supply counts are checked every 10 seconds.